 Dungeon Crawl Stone Soup version 0.24-a0-189-g5d897e9104 (webtiles) character file.

Game seed: 14846092346667832069

183 MrRokkomies the Sneak (level 5, -2/34 HPs)
             Began as an Octopode Assassin on Mar 17, 2019.
             Slain by a gnoll
             ... wielding a +0 spear
              (5 damage)
             ... on level 3 of the Dungeon.
             The game lasted 00:05:02 (1894 turns).

MrRokkomies the Sneak (Octopode Assassin)           Turns: 1894, Time: 00:05:02

Health: -2/34      AC:  1    Str: 15    XL:     5   Next: 62%
Magic:  5/5        EV: 29    Int: 13    God:
Gold:   129        SH:  0    Dex: 15    Spells: 4/4 levels left

rFire    . . .     SeeInvis .   a - +1 dagger (chaos)
rCold    . . .     Gourm    .   (no shield)
rNeg     . . .     Faith    .   (helmet restricted)
rPois    .         Spirit   .   g - amulet of the acrobat
rElec    .         Reflect  .   (no ring)
rCorr    .         Harm     .   (no ring)
MR       .....                  (no ring)
Stlth    ++++......             (no ring)
HPRegen  0.11/turn              (no ring)
MPRegen  0.09/turn              (no ring)
                                (no ring)
                                (no ring)

@: mighty, acrobat
A: almost no armour, stealthy swim, amphibious, 8 rings, constrict 8, camouflage
1, gelatinous body 1
a: no special abilities


You were on level 3 of the Dungeon.
You were not hungry.

You visited 1 branch of the dungeon, and saw 3 of its levels.

You collected 129 gold pieces.

Inventory:

Hand Weapons
 a - a +1 dagger of chaos (weapon)
 b - a +0 blowgun
 k - a +2 dagger
 s - a +0 short sword of holy wrath
Missiles
 d - 2 curare-tipped needles
 h - 113 stones (quivered)
Jewellery
 g - an amulet of the acrobat (around mantle)
Scrolls
 e - 2 scrolls of identify
 i - a scroll of enchant armour {unknown}
 l - 2 scrolls of enchant weapon {unknown}
 p - a scroll of remove curse
Potions
 m - a potion of cancellation {unknown}
 n - a potion of degeneration {unknown}
 o - a potion of magic {unknown}
 r - a potion of curing {unknown}
Comestibles
 f - 8 rations


   Skills:
 - Level 2.0 Fighting
 * Level 3.9 Short Blades
 - Level 2.0 Throwing
 * Level 3.3 Dodging
 + Level 6.2 Stealth


You had 4 spell levels left.
You didn't know any spells.
Your spell library was empty.

Dungeon Overview and Level Annotations

Branches:
Dungeon (3/15)

Altars:
Xom


Innate Abilities, Weirdness & Mutations

You cannot wear most types of armour.
You are very stealthy in the water. (Stealth+)
You are amphibious.
You can wear up to eight rings at the same time.
You can use your tentacles to constrict eight enemies at once.
Your skin changes colour to match your surroundings (Stealth+).
Your rubbery body absorbs attacks. (AC +1, EV +1)


Message History

You hit the gnoll but do no damage.
The gnoll is heavily wounded.
You constrict the gnoll.
The gnoll escapes!
You closely miss the gnoll. Your grab misses the gnoll. You squeeze the gnoll.
You kill the gnoll!
The gnoll closely misses you. The gnoll misses you.
The gnoll completely misses you.
You see here a ring mail.
You closely miss the gnoll. You grab the gnoll.
The gnoll is heavily wounded.
You constrict the gnoll.
The gnoll hits you from afar with a +0 spear.
* * * LOW HITPOINT WARNING * * *
You feel very mighty all of a sudden.
You constrict the gnoll. The gnoll misses you. The gnoll barely misses you.
You hit the gnoll.
You kill the gnoll!
The gnoll misses you. The gnoll hits you with a +0 spear.
You die... ####..# ..... #..######## ### ... ###.......... ..# (>. #...........# #.# ((g

#.#.#######.# #.# #g#
#.#.# ##.## #.# #.# #
#.# ##...###.# #.#
#.#####.#.#)##.####.#
#...........[@g..(..#
#######.#.#.####.####
##...## #........
....## #########
######


You could see a gnoll.

Vanquished Creatures
  Natasha (D:2)
  Robin (D:2)
  5 gnolls
  3 adders (D:2)
  A dart slug (D:1)
  3 leopard geckos
  6 orcs
  8 bats
  A giant cockroach (D:1)
  7 goblins
  6 hobgoblins
  7 jackals
  4 frilled lizards
  5 kobolds
  6 rats
64 creatures vanquished.

Notes
Turn   | Place    | Note
-------+----------+-------------------------------------------
     0 | D:1      | MrRokkomies the Octopode Assassin began the quest for the
                  | Orb.
     0 | D:1      | Reached XP level 1. HP: 14/14 MP: 1/1
    79 | D:1      | Reached XP level 2. HP: 12/19 MP: 2/2
   478 | D:1      | Reached XP level 3. HP: 21/24 MP: 3/3
   739 | D:2      | Noticed Natasha
   769 | D:2      | Killed Natasha
   769 | D:2      | Reached XP level 4. HP: 17/29 MP: 4/4
  1082 | D:2      | Found a shimmering altar of Xom.
  1118 | D:2      | Reached skill level 6 in Stealth
  1270 | D:2      | Reached XP level 5. HP: 29/34 MP: 5/5
  1271 | D:2      | Noticed Robin
  1285 | D:2      | Killed Robin
  1894 | D:3      | Slain by a gnoll

Levels and vault maps discovered:
D:1:      erik_arrival_cave_to_civilisation [erik_arrival_cave_to_hall],
          layout_basic, minmay_tall_x
D:2:      layout_basic, tgw_xom, first_ration, uniq_natasha, uniq_robin
D:3:      layout_loops_ring, uniq_grinder, uniq_terence

Skill      XL: |  1  2  3  4 |
---------------+-------------+-----
Dodging        | 2 3 |  3.3
Short Blades   | 3 |  3.9
Stealth        | 6 |  6.2
Fighting       | |  2.0
Throwing       | |  2.0

Action                   |  1- 3 |  4- 6 || total
-------------------------+-------+-------++-------
Melee: Dagger            |    52 |    79 ||   131
       Constrict         |     9 |    19 ||    28
       Tentacles         |     7 |    17 ||    24
 Fire: Blowgun           |     2 |     8 ||    10
  Use: Scroll            |     3 |       ||     3
       Potion            |       |     1 ||     1
 Stab: Sleeping          |    10 |    11 ||    21
  Eat: Chunk             |       |     3 ||     3
Armor: Skin              |     4 |     3 ||     7
Dodge: Dodged            |    34 |    47 ||    81

Table legend:
 A = Non-vault XP
 B = Vault XP
 C = Vault XP percentage of total XP
 D = Non-vault monster count
 E = Vault monster count
 F = Vault count percentage of total count
                 A         B        C        D         E       F
            +---------+---------+-------+---------+---------+-------
      Total |     155 |     107 |  40.8 |      44 |      20 |  31.2
            +---------+---------+-------+---------+---------+-------
        D:1 |      31 |       7 |  18.4 |      16 |       4 |  20.0
        D:2 |      69 |     100 |  59.2 |      20 |      16 |  44.4
        D:3 |      55 |       0 |   0.0 |       8 |       0 |   0.0
            +---------+---------+-------+---------+---------+-------
